[Event "V Open RGCC 2019"]
[Site "Gijon"]
[Date "2019.07.27"]
[Round "7.5"]
[White "Manolache, Marius"]
[Black "Veiga, Jose Francisco R P N"]
[Result "1-0"]
[ECO "A67"]
[WhiteElo "2504"]
[BlackElo "2357"]
[Annotator "ChessBase"]
[PlyCount "81"]
[EventDate "2019.07.22"]
[EventType "swiss"]
[EventCountry "ESP"]
[SourceTitle "playchess.com"]
[Source "ChessBase"]
[SourceQuality "1"]
[TimeControl "5400+30"]

1. d4 Nf6 2. c4 c5 3. d5 e6 4. Nc3 exd5 5. cxd5 d6 6. e4 g6 7. f4 Bg7 8. Bb5+ Nfd7 9. a4 O-O 10. Nf3 Na6 11. O-O Nb4 12. Kh1 a6 13. Bc4 Nb6 14. Be2 Bg4 15. h3 Bxf3 16. Rxf3 Re8 17. Be3 Bd4 18. Qd2 Qf6 19. Rd1 Bxe3 20. Qxe3 Nc2 21. Qf2 Nd4 22. Re3 Nd7 23. Qg3 Qe7 24. Qf2 Qf6 25. Kg1 Rab8 26. Bg4 Nb6 27. b3 Qg7 28. a5 Na8 29. e5 dxe5 30. fxe5 Rxe5 31. Rxe5 Qxe5 32. Re1 Qc7 33. Ne4 f5 34. Nf6+ Kh8 35. Ne8 Qf7 36. Qe3 Rd8 37. Qe5+ Kg8 38. Bf3 Nc2 39. d6 Nb4 40. Nf6+ Kg7 41. Ng4+ 1-0

[Event "V Open RGCC 2019"]
[Site "Gijon"]
[Date "2019.07.27"]
[Round "7.6"]
[White "Bobadilla Viera, Jorge Samuel"]
[Black "Gascon Del Nogal, Jose Rafael"]
[Result "0-1"]
[ECO "B51"]
[WhiteElo "2381"]
[BlackElo "2466"]
[Annotator "RC"]
[PlyCount "72"]
[EventDate "2019.07.22"]
[EventType "swiss"]
[EventCountry "ESP"]
[SourceTitle "playchess.com"]
[Source "ChessBase"]
[SourceQuality "1"]
[TimeControl "5400+30"]

1. e4 c5 2. Nf3 d6 3. Bb5+ Nc6 4. O-O Bd7 5. c3 Nf6 6. Re1 a6 7. Bc4 Bg4 8. d4 cxd4 9. cxd4 Bxf3 10. gxf3 e5 11. Be3 exd4 12. Bxd4 Nxd4 13. Qxd4 Be7 14. Nc3 O-O 15. Rad1 b5 16. Bd5 Rb8 17. e5 b4 18. Ne4 Nxd5 19. exd6 Nf4 20. dxe7 Qxe7 21. Ng3 Ne6 22. Qd6 Qf6 23. Qxa6 Qxf3 24. Qd3 Ng5 25. Qe3 h6 26. Re2 Qa8 27. Ne4 Rbe8 28. f3 f5 29. Qb3+ Kh8 30. Nxg5 Rxe2 31. Nf7+ Kh7 32. Qd3 Qe8 33. Kf1 Re3 34. Qxf5+ g6 35. Ng5+ hxg5 36. Rd7+ Re7 0-1

[Event "V Open RGCC 2019"]
[Site "Gijon"]
[Date "2019.07.27"]
[Round "8.2"]
[White "Cruz, Cristhian"]
[Black "Del Rio De Angelis, Salvador G."]
[Result "1/2-1/2"]
[ECO "A04"]
[WhiteElo "2562"]
[BlackElo "2464"]
[Annotator "ChessBase"]
[PlyCount "119"]
[EventDate "2019.07.22"]
[EventType "swiss"]
[EventCountry "ESP"]
[SourceTitle "playchess.com"]
[Source "ChessBase"]
[SourceQuality "1"]
[TimeControl "5400+30"]

1. Nf3 c5 2. c4 g6 3. d4 cxd4 4. Nxd4 Bg7 5. e4 Nf6 6. Nc3 d6 7. Be2 O-O 8. O-O a6 9. Be3 b6 10. Qd2 Bb7 11. f3 Nbd7 12. Rac1 Re8 13. Rfd1 e6 14. Bf2 Rc8 15. Bf1 Ne5 16. b3 d5 17. cxd5 exd5 18. Nxd5 Nxd5 19. Rxc8 Qxc8 20. exd5 Rd8 21. Rc1 Qa8 22. Qb4 Rxd5 23. Qxb6 Nd7 24. Qb4 a5 25. Qc3 h5 26. Bc4 Rd6 27. Bb5 Qb8 28. Qc4 Be5 29. h3 Qd8 30. Nc6 Bxc6 31. Bxc6 Rd2 32. f4 Bd6 33. Re1 Nf6 34. f5 gxf5 35. Qh4 Bf8 36. Be3 Rxa2 37. Bd4 Bg7 38. Re8+ Qxe8 39. Bxe8 Nxe8 40. Qg5 a4 41. b4 a3 42. b5 Kh8 43. Qxh5+ Kg8 44. Qg5 Kh8 45. Qd8 Bxd4+ 46. Qxd4+ Ng7 47. b6 Rb2 48. Kh2 Kh7 49. Qh4+ Kg6 50. Qg3+ Kh7 51. Qh4+ Kg6 52. Qg3+ Kh7 53. Qxa3 Rxb6 54. Qe7 Kg6 55. Qd8 Re6 56. Qd3 Kh6 57. Qd2+ Kh7 58. Qd3 Kh6 59. Qd2+ Kh7 60. Qd3 1/2-1/2

[Event "V Open RGCC 2019"]
[Site "Gijon"]
[Date "2019.07.27"]
[Round "8.4"]
[White "Domingo Nunez, Alejandro"]
[Black "Manolache, Marius"]
[Result "0-1"]
[ECO "B08"]
[WhiteElo "2399"]
[BlackElo "2504"]
[Annotator "RC"]
[PlyCount "74"]
[EventDate "2019.07.22"]
[EventType "swiss"]
[EventCountry "ESP"]
[SourceTitle "playchess.com"]
[Source "ChessBase"]
[SourceQuality "1"]
[TimeControl "5400+30"]

1. e4 d6 2. d4 Nf6 3. Nc3 g6 4. Nf3 Bg7 5. Be2 O-O 6. O-O a6 7. a4 b6 8. Re1 Bb7 9. Bf1 e6 10. Bf4 Nbd7 11. Qd2 Nh5 12. Bg5 Qb8 13. h3 Re8 14. Rad1 Bh8 15. Bh6 Qd8 16. g4 Nhf6 17. Bg2 e5 18. dxe5 Nxe5 19. Nd4 Nfd7 20. b3 Nc5 21. Nd5 c6 22. Nc3 Ned3 23. cxd3 Bxd4 24. Ne2 Bh8 25. Qc2 d5 26. exd5 cxd5 27. d4 Ne4 28. f3 Rc8 29. Qd3 Nf2 30. Kxf2 Qh4+ 31. Kg1 Qxh6 32. f4 Qh4 33. Rc1 Bg7 34. Rf1 Rxc1 35. Rxc1 Qe7 36. Kf1 Qd6 37. Rc3 Bf6 0-1

[Event "V Open RGCC 2019"]
[Site "Gijon"]
[Date "2019.07.27"]
[Round "8.5"]
[White "Gascon Del Nogal, Jose Rafael"]
[Black "Newrkla, Katharina"]
[Result "1-0"]
[ECO "E70"]
[WhiteElo "2466"]
[BlackElo "2168"]
[Annotator "ChessBase"]
[PlyCount "63"]
[EventDate "2019.07.22"]
[EventType "swiss"]
[EventCountry "ESP"]
[SourceTitle "playchess.com"]
[Source "ChessBase"]
[SourceQuality "1"]
[TimeControl "5400+30"]

1. d4 Nf6 2. c4 g6 3. Nc3 Bg7 4. e4 d6 5. Nge2 Nbd7 6. Ng3 h5 7. h4 c5 8. d5 Ne5 9. Be2 a6 10. a4 Bd7 11. O-O Rb8 12. Qc2 O-O 13. f4 Neg4 14. e5 dxe5 15. f5 e4 16. Bxg4 Nxg4 17. Ncxe4 Bd4+ 18. Kh1 Qc7 19. Bf4 Be5 20. d6 exd6 21. fxg6 fxg6 22. Bxe5 Nxe5 23. Nf6+ Kh8 24. Qd2 Ng4 25. Qc3 Ne5 26. Qe3 Kg7 27. Ngxh5+ gxh5 28. Qg5+ Ng6 29. Nxh5+ Kh7 30. Nf6+ Rxf6 31. Rxf6 Be8 32. h5 1-0

[Event "V Open RGCC 2019"]
[Site "Gijon"]
[Date "2019.07.27"]
[Round "8.6"]
[White "Campora, Daniel H."]
[Black "Vinuela Diaz, Saul"]
[Result "0-1"]
[ECO "B31"]
[WhiteElo "2420"]
[BlackElo "2280"]
[Annotator "NA"]
[PlyCount "78"]
[EventDate "2019.07.22"]
[EventType "swiss"]
[EventCountry "ESP"]
[SourceTitle "playchess.com"]
[Source "ChessBase"]
[SourceQuality "1"]
[TimeControl "5400+30"]

1. e4 c5 2. Nf3 Nc6 3. Bb5 g6 4. O-O Bg7 5. Bxc6 dxc6 6. d3 Qc7 7. Nc3 e5 8. a3 b6 9. b4 Ne7 10. Be3 O-O 11. bxc5 f5 12. cxb6 axb6 13. Qb1 Rb8 14. Qb3+ Kh8 15. Rab1 c5 16. Ng5 f4 17. Bd2 Qd6 18. Nb5 Qf6 19. Nf3 g5 20. d4 exd4 21. c3 g4 22. Ne1 Be6 23. Qc2 Bc4 24. cxd4 Bxf1 25. Kxf1 cxd4 26. Nd3 Ng6 27. Bb4 Rfc8 28. Qd1 f3 29. Bd6 Ra8 30. Kg1 Qe6 31. gxf3 gxf3 32. Qxf3 Nh4 33. Qe2 Qh3 34. f4 Rg8 35. Kh1 Bf6 36. Ne1 Rg7 37. f5 Rag8 38. Qf2 Qg4 39. Ng2 Qxe4 0-1

[Event "V Open RGCC 2019"]
[Site "Gijon"]
[Date "2019.07.27"]
[Round "8.7"]
[White "Quispe Arteaga, Gabriel"]
[Black "Domingo Nunez, Ruben"]
[Result "1/2-1/2"]
[ECO "A05"]
[WhiteElo "2382"]
[BlackElo "2318"]
[Annotator "NA"]
[PlyCount "212"]
[EventDate "2019.07.22"]
[EventType "swiss"]
[EventCountry "ESP"]
[SourceTitle "playchess.com"]
[Source "ChessBase"]
[SourceQuality "1"]
[TimeControl "5400+30"]

1. Nf3 Nf6 2. c4 b6 3. g3 Bb7 4. Bg2 g6 5. b3 Bg7 6. Bb2 O-O 7. O-O e6 8. d4 Na6 9. Nc3 d5 10. cxd5 exd5 11. Rc1 Ne4 12. e3 Nxc3 13. Bxc3 c6 14. Qd2 Qd6 15. Rfd1 Rfe8 16. Ne1 Nc7 17. Nd3 Ne6 18. h4 Bf6 19. Bh3 Bc8 20. Bb4 Qc7 21. Bg2 Qb7 22. Bd6 Rd8 23. Ba3 Bd7 24. Ne5 Be8 25. h5 Rac8 26. Qe2 Bg7 27. hxg6 hxg6 28. Bh3 f5 29. f4 Bxe5 30. dxe5 c5 31. g4 Qh7 32. Qg2 Kf7 33. Qg3 Bc6 34. Bb2 Rh8 35. Bg2 Qh4 36. Kf2 d4 37. Qxh4 Rxh4 38. Bxc6 dxe3+ 39. Kxe3 Rh3+ 40. Kf2 Rxc6 41. gxf5 gxf5 42. Rh1 Nxf4 43. Rxh3 Nxh3+ 44. Kg3 Rh6 45. Rh1 f4+ 46. Kg2 f3+ 47. Kxf3 Ng5+ 48. Kg2 Rxh1 49. Kxh1 Ke6 50. Kg2 Kf5 51. Kf2 Nf7 52. Ke3 Nxe5 53. Bc3 Nc6 54. Kd3 Ne5+ 55. Ke3 Ke6 56. Ke4 Nf7 57. a4 Nd6+ 58. Kd3 Kd5 59. Bd2 Nf5 60. Bg5 Nd4 61. Kc3 Nc6 62. Bh6 a6 63. Bf8 Nd4 64. Bg7 Nf5 65. Bf6 Nd6 66. Bg7 Ne4+ 67. Kc2 c4 68. b4 b5 69. axb5 axb5 70. Bf8 Kd4 71. Bg7+ Ke3 72. Bh6+ Ke2 73. Bf8 Nf6 74. Bg7 Nd5 75. Bf8 Ke3 76. Bh6+ Kd4 77. Bg7+ Ke4 78. Bf8 Ke5 79. Bc5 Kf4 80. Bd6+ Kf5 81. Bf8 Ke5 82. Bg7+ Kd6 83. Bf8+ Ke6 84. Bc5 Nf6 85. Bf8 Nd7 86. Bh6 Ke5 87. Kc3 Ke4 88. Bg7 Ke3 89. Bd4+ Ke4 90. Bg7 Nb6 91. Bf8 Nd5+ 92. Kc2 Kf5 93. Bc5 Nf6 94. Bf8 Ne4 95. Bh6 Ke5 96. Bf8 Kd5 97. Bg7 c3 98. Bxc3 Nxc3 99. Kxc3 Ke4 100. Kc2 Kd4 101. Kd2 Ke4 102. Ke2 Kd4 103. Kd2 Kc4 104. Kc2 Kxb4 105. Kb2 Kc4 106. Kc2 b4 1/2-1/2

[Event "V Open RGCC 2019"]
[Site "Gijon"]
[Date "2019.07.28"]
[Round "9.2"]
[White "Vinuela Diaz, Saul"]
[Black "Gascon Del Nogal, Jose Rafael"]
[Result "0-1"]
[ECO "A45"]
[WhiteElo "2280"]
[BlackElo "2466"]
[Annotator "ChessBase"]
[PlyCount "78"]
[EventDate "2019.07.22"]
[EventType "swiss"]
[EventCountry "ESP"]
[SourceTitle "playchess.com"]
[Source "ChessBase"]
[SourceQuality "1"]
[TimeControl "5400+30"]

1. d4 Nf6 2. Bf4 g6 3. Nc3 Bg7 4. e4 d6 5. Qd2 Nc6 6. O-O-O O-O 7. f3 Re8 8. Bh6 e5 9. Bxg7 Kxg7 10. dxe5 dxe5 11. Qxd8 Nxd8 12. Bc4 c6 13. Nge2 a5 14. a4 Be6 15. Bxe6 Nxe6 16. b3 Kf8 17. Rd2 Red8 18. Rhd1 Rxd2 19. Rxd2 Ke7 20. Kb2 h5 21. Nd1 Ne8 22. Ne3 Nd6 23. Kc3 Nc5 24. Rd1 b6 25. Nc4 Nxc4 26. Kxc4 h4 27. Kc3 Rg8 28. Nc1 f5 29. Nd3 Rd8 30. exf5 gxf5 31. Nb2 Rg8 32. Rd2 e4 33. Nc4 h3 34. gxh3 exf3 35. Rd4 Ne4+ 36. Kd3 Rg2 37. Ne3 Rd2+ 38. Kc4 f2 39. Nxf5+ Ke6 0-1

[Event "V Open RGCC 2019"]
[Site "Gijon"]
[Date "2019.07.28"]
[Round "9.3"]
[White "Ortiz Suarez, Isan Reynaldo"]
[Black "Cruz, Cristhian"]
[Result "0-1"]
[ECO "E17"]
[WhiteElo "2533"]
[BlackElo "2562"]
[Annotator "ChessBase"]
[PlyCount "86"]
[EventDate "2019.07.22"]
[EventType "swiss"]
[EventCountry "ESP"]
[SourceTitle "playchess.com"]
[Source "ChessBase"]
[SourceQuality "1"]
[TimeControl "5400+30"]

1. Nf3 Nf6 2. c4 e6 3. g3 b6 4. Bg2 Bb7 5. d4 Be7 6. O-O O-O 7. d5 exd5 8. Nh4 c6 9. cxd5 cxd5 10. Nf5 Na6 11. Nc3 Nc7 12. Bf4 d6 13. Qa4 Re8 14. Qa3 Ne4 15. Rac1 Ne6 16. Bxe4 dxe4 17. Bxd6 Bg5 18. Rcd1 Qf6 19. Ne7+ Rxe7 20. Bxe7 Qxe7 21. Qxe7 Bxe7 22. Rd7 Bd8 23. Rfd1 Bc6 24. R7d6 Rc8 25. Nd5 Bxd5 26. R6xd5 Kf8 27. h4 Ke8 28. Kf1 g6 29. f3 e3 30. R5d3 Rc2 31. b3 Rxa2 32. Rxe3 a5 33. f4 Be7 34. Rf3 Nc5 35. g4 Rb2 36. f5 Rxb3 37. Rf4 a4 38. f6 a3 39. Kg2 a2 40. Ra1 Rb2 41. fxe7 Nb3 42. Rb4 Rxe2+ 43. Kf3 Nxa1 0-1

[Event "V Open RGCC 2019"]
[Site "Gijon"]
[Date "2019.07.28"]
[Round "9.4"]
[White "Martinez Duany, Lelys Stanley"]
[Black "Garcia Ramos, Daniel"]
[Result "1/2-1/2"]
[ECO "C60"]
[WhiteElo "2535"]
[BlackElo "2336"]
[Annotator "ChessBase"]
[PlyCount "83"]
[EventDate "2019.07.22"]
[EventType "swiss"]
[EventCountry "ESP"]
[SourceTitle "playchess.com"]
[Source "ChessBase"]
[SourceQuality "1"]
[TimeControl "5400+30"]

1. e4 e5 2. Nf3 Nc6 3. Bb5 g6 4. d4 exd4 5. Bg5 Be7 6. Bxe7 Qxe7 7. O-O Nf6 8. e5 Nd5 9. Re1 O-O 10. Nbd2 a6 11. Bxc6 dxc6 12. Nxd4 c5 13. Qf3 cxd4 14. Qxd5 Rd8 15. Qf3 Bf5 16. Rac1 b5 17. Qf4 c5 18. Nf3 Ra7 19. b4 Rad7 20. g4 Be6 21. bxc5 Qxc5 22. Ng5 Bd5 23. Qg3 h6 24. e6 fxe6 25. Nxe6 Bxe6 26. Rxe6 d3 27. Qh4 Kh7 28. Qf6 Rg8 29. Rce1 Rgg7 30. cxd3 Rdf7 31. Qh4 Rf4 32. R1e5 Qc1+ 33. Kg2 Rgf7 34. Re7 Qc6+ 35. Kg1 Qc1+ 36. Kg2 Qc6+ 37. Re4 Rxf2+ 38. Qxf2 Rxe7 39. Qf3 Rxe4 40. Qf7+ Kh8 41. Qf8+ Kh7 42. Qf7+ 1/2-1/2

[Event "V Open RGCC 2019"]
[Site "Gijon"]
[Date "2019.07.28"]
[Round "9.5"]
[White "Del Rio De Angelis, Salvador G."]
[Black "Tejedor Fuente, Enrique"]
[Result "1/2-1/2"]
[ECO "D31"]
[WhiteElo "2464"]
[BlackElo "2442"]
[Annotator "ChessBase"]
[PlyCount "49"]
[EventDate "2019.07.22"]
[EventType "swiss"]
[EventCountry "ESP"]
[SourceTitle "playchess.com"]
[Source "ChessBase"]
[SourceQuality "1"]
[TimeControl "5400+30"]

1. d4 e6 2. c4 d5 3. Nc3 a6 4. e3 Nf6 5. Nf3 dxc4 6. Bxc4 b5 7. Bb3 Bb7 8. O-O Nbd7 9. e4 b4 10. e5 bxc3 11. exf6 Qxf6 12. bxc3 Bxf3 13. Qxf3 Qxf3 14. gxf3 Bd6 15. Ba4 Rb8 16. c4 Rb4 17. Bb3 c5 18. Ba3 Rb7 19. Ba4 Ke7 20. Bc6 Rc7 21. Bxd7 Kxd7 22. Rfd1 Ke7 23. d5 Rb8 24. dxe6 fxe6 25. Rd3 1/2-1/2

[Event "V Open RGCC 2019"]
[Site "Gijon"]
[Date "2019.07.28"]
[Round "9.6"]
[White "Becerra, Juan David"]
[Black "Rios, Cristhian Camilo"]
[Result "0-1"]
[ECO "B26"]
[WhiteElo "2327"]
[BlackElo "2520"]
[Annotator "ChessBase"]
[PlyCount "114"]
[EventDate "2019.07.22"]
[EventType "swiss"]
[EventCountry "ESP"]
[SourceTitle "playchess.com"]
[Source "ChessBase"]
[SourceQuality "1"]
[TimeControl "5400+30"]

1. e4 c5 2. Nc3 Nc6 3. g3 g6 4. Bg2 Bg7 5. d3 d6 6. Be3 Nd4 7. Qd2 Qa5 8. f4 e6 9. Nf3 Ne7 10. O-O Nec6 11. Ne1 O-O 12. Nd1 Qa6 13. Rf2 f5 14. Bf1 e5 15. Qc1 Qa5 16. c3 Ne6 17. Nf3 exf4 18. gxf4 c4 19. b4 cxb3 20. axb3 Qc7 21. b4 b6 22. Bg2 Bb7 23. Qb1 fxe4 24. Qa2 exf3 25. Bh3 Ncd8 26. Bxe6+ Nxe6 27. Qxe6+ Kh8 28. Qg4 Qf7 29. Rfa2 Qd5 30. Rd2 a5 31. Bxb6 axb4 32. Rxa8 Bxa8 33. cxb4 Bd4+ 34. Bxd4+ Qxd4+ 35. Nf2 Qxb4 36. Rd1 Bd5 37. f5 Qxg4+ 38. Nxg4 Rxf5 39. Ne3 Rh5 40. Ra1 f2+ 41. Kxf2 Rxh2+ 42. Kg3 Rd2 43. Ra3 Be6 44. Kf4 Kg7 45. Ke4 Ra2 46. Rc3 Ra7 47. d4 h5 48. Rc6 Rd7 49. d5 Bf7 50. Nc4 Re7+ 51. Kd4 Re1 52. Rxd6 h4 53. Rb6 Rd1+ 54. Ke3 h3 55. Rb2 Bxd5 56. Ne5 Re1+ 57. Kf4 Re4+ 0-1

[Event "V Open RGCC 2019"]
[Site "Gijon"]
[Date "2019.07.28"]
[Round "9.7"]
[White "Domingo Nunez, Ruben"]
[Black "Cori T., Deysi"]
[Result "1-0"]
[ECO "B46"]
[WhiteElo "2318"]
[BlackElo "2405"]
[Annotator "NA"]
[PlyCount "121"]
[EventDate "2019.07.22"]
[EventType "swiss"]
[EventCountry "ESP"]
[SourceTitle "playchess.com"]
[Source "ChessBase"]
[SourceQuality "1"]
[TimeControl "5400+30"]

1. e4 c5 2. Nf3 e6 3. d4 cxd4 4. Nxd4 Nc6 5. Nc3 a6 6. Be3 Qc7 7. a3 Nf6 8. f4 d6 9. Qf3 Be7 10. O-O-O Bd7 11. Be2 Rc8 12. g4 Nxd4 13. Bxd4 e5 14. Be3 Bxg4 15. Qg2 Bxe2 16. Qxe2 Qc4 17. Qg2 b5 18. Rd3 a5 19. Rhd1 b4 20. b3 Qa6 21. fxe5 dxe5 22. Nd5 Nxd5 23. exd5 O-O 24. d6 Bd8 25. Bh6 g6 26. Bxf8 Kxf8 27. a4 Qb6 28. Kb1 Kg7 29. Rf1 Qc5 30. Rdf3 f6 31. Rd3 e4 32. Rd2 f5 33. d7 Rc6 34. Rfd1 Qc3 35. Rd4 Re6 36. Qe2 Re5 37. Rc4 Qf3 38. Qd2 e3 39. Qd4 Kh6 40. Rc8 e2 41. Qd2+ f4 42. Re1 Rd5 43. Qxe2 Qxe2 44. Rxe2 Rxd7 45. c4 Rd3 46. c5 f3 47. Rb2 Bf6 48. Kc2 Rc3+ 49. Kd1 Bg5 50. Rb1 Bf4 51. Ke1 Rc2 52. Rf8 Kg5 53. Rd1 Kg4 54. Rd4 g5 55. Rc4 Rxh2 56. c6 Rh1+ 57. Kf2 Rh2+ 58. Ke1 Rh1+ 59. Kf2 Rh2+ 60. Ke1 Rh1+ 61. Kf2 1-0